 Dungeon Crawl Stone Soup version 0.31-a0-14-gc80a10f4b6 (webtiles) character file.

Game seed: 11615896284222016115

122 Moonkey the Conjurer (level 4, -3/25 HPs)
             Began as a Deep Elf Conjurer on May 7, 2023.
             Killed by miscasting Iskenderun's Mystic Blast (9 damage)
             ... on level 5 of the Dungeon.
             The game lasted 00:04:42 (2178 turns).

Moonkey the Conjurer (Deep Elf Conjurer)            Turns: 2178, Time: 00:04:42

Health: -3/25      AC:  5    Str:  4    XL:     4   Next: 78%
Magic:  8/12       EV: 12    Int: 25    God:
Gold:   98         SH:  0    Dex: 13    Spells: 4/11 levels left

rFire   . . .        (no weapon)
rCold   . . .        (no shield)
rNeg    . . .        a - +0 robe
rPois   .            (no helmet)
rElec   .            (no cloak)
rCorr   .            (no gloves)
SInv    +            k - +2 pair of boots
Will    .....        (no amulet)
Stlth   ++           c - ring of see invisible
HPRegen 0.24/turn    (no ring)
MPRegen 0.13/turn

%: no passive effects
@: very slightly contaminated
A: no striking features
a: no special abilities


You were on level 5 of the Dungeon.
You visited 1 branch of the dungeon, and saw 5 of its levels.

You collected 98 gold pieces.

Inventory:

Armour
 a - a +0 robe (worn)
 k - a +2 pair of boots (worn)
Jewellery
 c - a ring of see invisible (left hand)
Scrolls
 d - 2 scrolls of poison {unknown}
 f - 3 scrolls of identify {unknown}
 g - a scroll of brand weapon {unknown}
 h - a scroll of noise {unknown}
 l - a scroll of torment {unknown}
Potions
 b - a potion of magic
 e - a potion of mutation {unknown}
 i - a potion of lignification {unknown}
 j - a potion of cancellation {unknown}


   Skills:
 * Level 1.5 Fighting
 + Level 3.0 Dodging
 + Level 3.0 Stealth
 * Level 4.1 Spellcasting
 * Level 5.2 Conjurations
 + Level 0.5 Translocations


You had 4 spell levels left.
You knew the following spells:

 Your Spells              Type           Power      Damage    Failure   Level
a - Magic Dart            Conj           100%       1d8       1%          1
b - Searing Ray           Conj           62%        2d6       1%          2
c - Iskenderun's Mystic   Conj/Tloc      19%        2d6       26%         4

Your spell library contained the following spells:

 Spells                   Type           Power      Damage    Failure   Level
 Dazzling Flash           Conj/Hex       36%        N/A       9%          3
 Fulminant Prism          Conj/Hex       9%         3d6       30%         4


Dungeon Overview and Level Annotations

Branches:
Dungeon (6/15)
 Temple: D:4-7

Altars:
Ru


Message History

The phantom attacks as you move away! The phantom hits you.
The phantom attacks as you move away! The phantom closely misses you.
An ogre comes into view. It is wielding a +0 giant club.
There is a sacrificial altar of Ru here.
You see here 10 gold pieces.
The phantom attacks as you move away!
The phantom hits you but does no damage.
The phantom attacks as you move away!
The phantom hits you but does no damage.
Found 6 gold pieces.
The phantom attacks as you move away! The phantom hits you.
The phantom attacks as you move away! The phantom closely misses you.
Found a long iron wand.
The phantom attacks as you move away!
The phantom hits you but does no damage.
The phantom attacks as you move away! The phantom closely misses you.
You see here 6 gold pieces.
The phantom attacks as you move away! The phantom hits you.
The phantom attacks as you move away! The phantom hits you.
Found a stone staircase leading down.
The phantom attacks as you move away! The phantom hits you.
The phantom attacks as you move away! The phantom completely misses you.
Casting: Magic Dart (safe; 1% risk of failure)
Confirm with . or Enter, or press ? or * to list all spells.
Okay, then.
The phantom attacks as you move away!
The phantom hits you but does no damage.
The phantom attacks as you move away! The phantom completely misses you.
The phantom hits you.
The phantom blinks!
You blink.
The phantom completely misses you. The phantom attacks as you move away!
The phantom hits you. The phantom attacks as you move away!
The phantom hits you!
* * * LOW HITPOINT WARNING * * *
Casting: Magic Dart (safe; 1% risk of failure)
Confirm with . or Enter, or press ? or * to list all spells.
The spell is astonishingly dangerous to miscast (26% risk of failure)!
Continue anyway?
You miscast Iskenderun's Mystic Blast.
You are very lightly contaminated with residual magic.
The air around you crackles with energy!
You die...

#.# #....#
#.###....####.
########>............
#..........#....###..
#..........#....+....
#..........#.$..#....
#..........#....#...#
####W....#......#...#
#@#...###........#
#.#.......##.....#
#.#.../...#.......
#.#.......#.......
..+ ......#.......
### ..... #.......
######## # #


You could see a phantom.

Vanquished Creatures
  Robin (D:2)
  4 gnolls (D:2)
  An adder (D:2)
  A dart slug (D:2)
  2 bats (D:1)
  6 endoplasms
  A giant cockroach (D:1)
  13 goblins
  8 hobgoblins
  6 kobolds
  4 quokkas (D:1)
  6 ball pythons
  2 rats (D:1)
55 creatures vanquished.

Vanquished Creatures (others)
  3 plants (D:2)
3 creatures vanquished.

Grand Total: 58 creatures vanquished

Notes
Turn   | Place    | Note
-------+----------+-------------------------------------------
     0 | D:1      | Moonkey the Deep Elf Conjurer began the quest for the Orb.
     0 | D:1      | Reached XP level 1. HP: 10/10 MP: 6/6
   166 | D:1      | Reached XP level 2. HP: 16/16 MP: 4/8
   805 | D:2      | Learned a level 2 spell: Searing Ray
   810 | D:2      | Reached XP level 3. HP: 20/20 MP: 6/10
   884 | D:2      | Reached skill level 1 in Fighting
  1165 | D:2      | Reached skill level 5 in Conjurations
  1165 | D:2      | Noticed Robin
  1368 | D:2      | Reached XP level 4. HP: 25/25 MP: 8/11
  1373 | D:2      | Learned a level 4 spell: Iskenderun's Mystic Blast
  1869 | D:2      | Killed Robin
  2137 | D:3      | You fall into a shaft and drop 3 floors!
  2141 | D:5      | Entered Level 5 of the Dungeon
  2141 | D:5      | Noticed a phantom
  2141 | D:5      | Found a sacrificial altar of Ru.
  2143 | D:5      | Noticed an ogre
  2178 | D:5      | Killed by miscasting Iskenderun's Mystic Blast

Illustrated notes

Levels and vault maps discovered:
D:1:      tarquinn_simple_flora_water_b, layout_basic
D:2:      layout_loops_cross, serial_forest, infiniplex_forest_lined_3_way,
          infiniplex_forest_straight_3, infiniplex_forest_split,
          infiniplex_forest_straight_5, infiniplex_forest_lined_room_,
          infiniplex_forest_clump_double, infiniplex_forest_lined_room_2,
          minmay_misc_feat_x, minmay_quantized, uniq_robin
D:3:      layout_loops_cross, gammafunk_temple_overflow_statue,
          uniq_crazy_yiuf_cottage
D:5:      layout_basic, lemuel_coloured_pillars_altar, vehumet_statue,
          mainiacjoe_overflow_small_starburst, nicolae_ossuary_entry_giza,
          kb_lookout_dungeons_type
D:6:      layout_loops_ring

Skill      XL: |  1  2  3  4 |
---------------+-------------+-----
Fighting       | 1 |  1.5
Conjurations   | 5 |  5.2
Spellcasting   | 4 |  4.1
Dodging        | 3 |  3.0
Stealth        | 3 |  3.0
Translocations | |  0.5

Action                     |  1- 3 |  4- 6 || total
---------------------------+-------+-------++-------
   Cast: Magic Dart        |    87 |    17 ||   104
         Searing Ray       |       |     4 ||     4
 Armour: Robe              |     1 |     4 ||     5
  Dodge: Dodged            |     8 |     7 ||    15

Table legend: (Time is in decaauts)
 A = Elapsed time spent in this place.
 B = Non-inter-level travel time spent in this place.
 C = Inter-level travel time spent in this place.
 D = Time resting spent in this place.
 E = Time spent auto-exploring this place.
 F = Levels seen in this place.
 G = Mean time per level.
                   A        B        C        D        E       F      G
               +--------+--------+--------+--------+--------+-----+--------+
         Total |   2176 |   2121 |     55 |    553 |   1276 |   5 |  435.2 |
       Dungeon |   2176 |   2121 |     55 |    553 |   1276 |   5 |  435.2 |
               +--------+--------+--------+--------+--------+-----+--------+

Top non-repeatable levels by time:
     D:2: 1381 daAuts
     D:1: 754 daAuts
     D:5: 36 daAuts
     D:6: 3 daAuts
